Jets vs Avalanche
(R1)
Created - 22 mars 2015 at 19:34
Goals
|
| Jets |
1 |
3 |
0 |
0 |
2 |
5 |
| Avalanche |
2 |
0 |
2 |
0 |
0 |
4 |
|
Shots
|
| Jets |
7 |
10 |
10 |
2 |
3 |
29 |
| Avalanche |
13 |
7 |
12 |
6 |
2 |
38 |
|
1st period
1. Avalanche , Jason Pominville 19 (Jason Allison) at 7:34 (PP)
2. Jets , Fredrik Sjostrom 18 (Greg Campbell) at 12:20
3. Avalanche , Jason Allison 29 (Ryan Smyth, Jason Pominville) at 17:01
Penalties :
Adam Pardy (Win) for Tripping (Minor) at 2:46, Derek Roy (Win) for Tripping (Minor) at 7:28, Chris Phillips (Win) for Roughing (Minor) at 19:20
2nd period
4. Jets , Niklas Hjalmarsson 2 (Derek Roy, Dustin Brown) at 1:45
5. Jets , Dmitri Kalinin 6 (Benoit Pouliot, Mikko Koivu) at 11:46
6. Jets , Jussi Jokinen 25 (Darroll Powe) at 13:45
Penalties :
Jason Allison (Col) for Interference (Minor) at 2:07, Shane O'Brien (Col) for Cross-checking (Minor) at 5:15, Andrew Ladd (Col) for Holding Stick (Minor) at 9:22, Dustin Brown (Win) for Roughing (Minor) at 15:10, Derek Roy (Win) for Hooking (Minor) at 18:35, Greg Campbell (Win) for High sticking (Minor) at 19:45
3rd period
7. Avalanche , Jason Allison 30 (Dave Tanabe, Jason Pominville) at 1:41 (PP)
8. Avalanche , Chuck Kobasew 4 (Rostislav Olesz, Bryan Little) at 17:25
Penalties :
Jason Allison (Col) for Hooking (Minor) at 5:53, Dustin Brown (Win) for Hooking (Minor) at 8:47, Andrew Ladd (Col) for Hooking (Minor) at 12:02
Overtime #1
No Goal
Penalties :
No Penalty
Shootout
Penalty Shot by Benoit Pouliot for Jets - Stopped by Marty Turco
Penalty Shot by Dustin Byfuglien for Avalanche - Shot Hit the Post
Penalty Shot by Jussi Jokinen for Jets - Goal!
Penalty Shot by Jason Pominville for Avalanche - Stopped by Maxime Daigneault
Penalty Shot by Mikko Koivu for Jets - Goal!
Penalties :
No Penalty
Goalie Stats
Maxime Daigneault (Win), 34 saves from 38 shots - (0,895), W, 26-21-3, 65:00 minutes
Jimmy Howard (Col), 12 saves from 16 shots - (0,750), 33:45 minutes
Marty Turco (Col), 13 saves from 13 shots - (1,000), OTL, 11-9-1, 31:15 minutes
Players Stats for Jets
Player Name G A P +/- PIM S H SB GA TA FO MP PP MP PK MP
------------------------------------------------------------------------------------
Adam Pardy 0 0 0 -1 2 0 1 3 2 1 0/0 25:16 3:23 5:38
Benoit Pouliot 0 1 1 2 0 4 0 0 1 1 0/0 22:51 5:59 2:15
Chris Phillips 0 0 0 0 2 0 3 3 0 0 0/0 24:40 6:23 1:01
Curtis Glencross 0 0 0 0 0 0 0 0 0 0 0/0 7:14 0:08 0:31
Darroll Powe 0 1 1 1 0 0 1 1 0 1 7/17 13:25 0:00 6:36
Derek Roy 0 1 1 1 4 1 4 0 0 0 10/19 17:16 3:48 1:19
Dmitri Kalinin 1 0 1 2 0 2 0 2 2 0 0/0 30:05 6:23 5:46
Dustin Brown 0 1 1 2 4 2 2 2 1 1 2/2 22:23 6:01 3:28
Eric Fehr 0 0 0 0 0 4 0 0 1 0 0/0 10:30 0:03 0:00
Fredrik Sjostrom 1 0 1 0 0 4 1 0 0 0 2/5 15:11 0:00 3:10
Greg Campbell 0 1 1 0 2 1 2 0 0 0 3/8 14:02 0:11 2:03
Jussi Jokinen 1 0 1 0 0 4 0 0 1 1 0/0 13:42 3:48 0:00
Marek Zidlicky 0 0 0 1 0 2 1 2 0 1 0/0 25:04 3:23 4:29
Mikko Koivu 0 1 1 0 0 2 2 0 1 0 6/17 20:54 5:59 2:04
Niklas Hjalmarsson 1 0 1 1 0 1 0 0 0 0 0/0 10:06 0:09 0:06
Ryan Callahan 0 0 0 0 0 0 2 0 0 0 0/0 13:42 3:48 0:00
Tom Preissing 0 0 0 1 0 1 0 2 0 0 0/0 15:05 0:09 5:16
Vaclav Varada 0 0 0 0 0 1 0 0 0 0 0/0 6:30 0:00 0:00
Players Stats for Avalanche
Player Name G A P +/- PIM S H SB GA TA FO MP PP MP PK MP
------------------------------------------------------------------------------------
Andrew Ladd 0 0 0 -2 4 0 5 0 1 0 0/0 12:38 0:07 2:52
Brian Campbell 0 0 0 -1 0 6 0 0 1 0 0/0 21:43 6:38 1:06
Bryan Little 0 1 1 1 0 2 0 0 0 1 1/3 12:33 4:10 0:50
Chuck Kobasew 1 0 1 1 0 1 1 0 0 0 1/1 12:26 0:07 3:40
Dave Tanabe 0 1 1 0 0 1 0 0 0 2 0/0 22:54 4:30 4:53
Drew Doughty 0 0 0 -1 0 3 0 0 1 0 0/0 18:41 6:38 0:00
Dustin Byfuglien 0 0 0 -1 0 2 0 0 0 0 2/2 11:10 0:14 1:51
Jack Johnson 0 0 0 -1 0 2 0 2 0 0 0/0 28:26 4:30 5:02
Jason Allison 2 1 3 0 4 9 2 0 1 1 15/28 23:06 6:51 1:42
Jason Pominville 1 2 3 0 0 4 1 0 0 0 4/5 20:48 6:51 0:00
Marc Staal 0 0 0 -1 0 0 0 0 0 1 0/0 23:25 0:00 5:02
Max Pacioretty 0 0 0 -2 0 1 1 0 1 0 3/3 12:37 0:00 0:27
Michael Rupp 0 0 0 -1 0 1 0 0 1 0 2/2 15:06 0:00 3:28
Mike Comrie 0 0 0 -2 0 0 2 1 0 2 2/11 14:00 0:00 5:00
Pierre-Marc Bouchard 0 0 0 -1 0 4 3 0 0 1 8/12 14:40 4:03 0:00
Rostislav Olesz 0 1 1 1 0 1 0 0 0 0 0/0 11:29 4:10 0:00
Ryan Smyth 0 1 1 0 0 1 1 0 0 1 0/1 19:28 6:51 0:00
Shane O'Brien 0 0 0 0 2 0 2 0 0 0 0/0 14:50 0:00 3:47
3 Stars
1 - Jason Pominville (Col)
2 - Jason Allison (Col)
3 - Dmitri Kalinin (Win)
Power Play
Jets - 0 on 5 Attempt(s) - 0,00%
Avalanche - 2 on 7 Attempt(s) - 28,57%
Penalty Kill
Jets - 5 on 7 Attempt(s) - 71,43%
- Score 0 goal in Penalty Kill
Avalanche - 5 on 5 Attempt(s) - 100,00%
- Score 0 goal in Penalty Kill
Team Stat
Jets - Hits : 19 - Faceoff Wins : 30 - Blocked Shots : 15 - Penalty Minutes : 14
Avalanche - Hits : 18 - Faceoff Wins : 38 - Blocked Shots : 3 - Penalty Minutes : 10
Official
Referees : Sutherland Kelly and Furlatt Eric
Linesman : Scott Cherrey and Mark Pare
Game Notes
Marty Turco enters game at 13:45 of 2nd period
Finance
Level 1 -- Attendance: 5353 (89,22%) -- Ticket Income 449 652 $
Level 2 -- Attendance: 5000 (100,00%) -- Ticket Income 250 000 $
Level 3 -- Attendance: 2000 (100,00%) -- Ticket Income 56 000 $
Level 4 -- Attendance: 3750 (93,75%) -- Ticket Income 67 500 $
Luxury Box -- Attendance: 893 (89,30%) -- Ticket Income 149 131 $
Game was played at the Pepsi Center'
Total Attendance: 16996 (94,42%)
Total Ticket Income: 972 283 $
Other Income: 145 842 $
Total Income: 1 118 125 $
Jets
5 vs 5 Forward
Center Left Wing Right Wing Time % Phy DF OF
1 Derek Roy Benoit Pouliot Dustin Brown 40 1 2 2
2 Mikko Koivu Jussi Jokinen Ryan Callahan 30 1 2 2
3 Greg Campbell Fredrik Sjostrom Eric Fehr 20 1 2 2
4 Darroll Powe Curtis Glencross Vaclav Varada 10 1 2 2
5 vs 5 Defense
Defense Defense Time % Phy DF OF
1 Dmitri Kalinin Marek Zidlicky 40 1 2 2
2 Adam Pardy Chris Phillips 30 1 2 2
3 Tom Preissing Niklas Hjalmarsson 20 1 2 2
4 Chris Phillips Dmitri Kalinin 10 1 2 2
PowerPlay Forward
Center Left Wing Right Wing Time % Phy DF OF
1 Mikko Koivu Benoit Pouliot Dustin Brown 60 1 1 3
2 Derek Roy Jussi Jokinen Ryan Callahan 40 1 1 3
PowerPlay Defense
Defense Defense Time % Phy DF OF
1 Dmitri Kalinin Chris Phillips 60 1 1 3
2 Marek Zidlicky Adam Pardy 40 1 1 3
Penalty Kill 4 Players Forward
Center Wing Time % Phy DF OF
1 Darroll Powe Dustin Brown 60 1 3 1
2 Greg Campbell Mikko Koivu 40 1 3 1
Penalty Kill 4 Players Defense
Defense Defense Time % Phy DF OF
1 Dmitri Kalinin Adam Pardy 60 1 4 0
2 Tom Preissing Marek Zidlicky 40 1 4 0
Penalty Kill - 3 Players Forward
Forward Time % Phy DF OF
1 Darroll Powe 60 0 4 1
2 Greg Campbell 40 0 4 1
Penalty Kill - 3 Players Defense
Defense Defense Time % Phy DF OF
1 Tom Preissing Adam Pardy 60 1 4 0
2 Dmitri Kalinin Marek Zidlicky 40 1 4 0
4 vs 4 Forward
Center Wing Time % Phy DF OF
1 Mikko Koivu Benoit Pouliot 60 1 2 2
2 Derek Roy Dustin Brown 40 1 2 2
4 vs 4 Defense
Defense Defense Time % Phy DF OF
1 Chris Phillips Dmitri Kalinin 60 1 2 2
2 Marek Zidlicky Adam Pardy 40 1 2 2
Last Minutes Offensive
Center Left Wing Right Wing Defense Defense
Mikko Koivu Jussi Jokinen Dustin Brown Chris Phillips Dmitri Kalinin
Last Minutes Defensive
Center Left Wing Right Wing Defense Defense
Greg Campbell Benoit Pouliot Vaclav Varada Tom Preissing Adam Pardy
Goaltenders
Starting : Maxime Daigneault
Backup : Ilya Bryzgalov
Extra Forwards
Normal : Greg Campbell, Mikko Koivu, Fredrik Sjostrom - PP : Greg Campbell, Dustin Brown - PK : Fredrik Sjostrom
Extra Defensemen
Normal : Adam Pardy, Dmitri Kalinin, Marek Zidlicky - PP : Marek Zidlicky - PK : Marek Zidlicky, Adam Pardy
Penalty Shots
Benoit Pouliot, Jussi Jokinen, Mikko Koivu, Greg Campbell, Dustin Brown
Avalanche
5 vs 5 Forward
Center Left Wing Right Wing Time % Phy DF OF
1 Jason Allison Ryan Smyth Jason Pominville 35 1 2 2
2 Pierre-Marc Bouchard Max Pacioretty Michael Rupp 35 1 2 2
3 Mike Comrie Andrew Ladd Dustin Byfuglien 15 1 2 2
4 Bryan Little Rostislav Olesz Chuck Kobasew 15 1 2 2
5 vs 5 Defense
Defense Defense Time % Phy DF OF
1 Jack Johnson Marc Staal 40 1 2 2
2 Dave Tanabe Shane O'Brien 30 1 2 2
3 Brian Campbell Drew Doughty 30 1 2 2
4 Jack Johnson Marc Staal 0 1 2 2
PowerPlay Forward
Center Left Wing Right Wing Time % Phy DF OF
1 Jason Allison Ryan Smyth Jason Pominville 60 1 2 2
2 Pierre-Marc Bouchard Rostislav Olesz Bryan Little 40 1 2 2
PowerPlay Defense
Defense Defense Time % Phy DF OF
1 Drew Doughty Brian Campbell 60 1 2 2
2 Dave Tanabe Jack Johnson 40 1 2 2
Penalty Kill 4 Players Forward
Center Wing Time % Phy DF OF
1 Mike Comrie Andrew Ladd 60 1 2 2
2 Dustin Byfuglien Chuck Kobasew 40 1 2 2
Penalty Kill 4 Players Defense
Defense Defense Time % Phy DF OF
1 Jack Johnson Marc Staal 60 1 2 2
2 Dave Tanabe Shane O'Brien 40 1 2 2
Penalty Kill - 3 Players Forward
Forward Time % Phy DF OF
1 Mike Comrie 60 1 2 2
2 Jason Pominville 40 1 2 2
Penalty Kill - 3 Players Defense
Defense Defense Time % Phy DF OF
1 Jack Johnson Marc Staal 60 1 2 2
2 Dave Tanabe Shane O'Brien 40 1 2 2
4 vs 4 Forward
Center Wing Time % Phy DF OF
1 Jason Allison Jason Pominville 60 1 2 2
2 Mike Comrie Ryan Smyth 40 1 2 2
4 vs 4 Defense
Defense Defense Time % Phy DF OF
1 Jack Johnson Marc Staal 60 1 2 2
2 Dave Tanabe Brian Campbell 40 1 2 2
Last Minutes Offensive
Center Left Wing Right Wing Defense Defense
Jason Allison Ryan Smyth Jason Pominville Drew Doughty Brian Campbell
Last Minutes Defensive
Center Left Wing Right Wing Defense Defense
Mike Comrie Ryan Smyth Dustin Byfuglien Jack Johnson Marc Staal
Goaltenders
Starting : Jimmy Howard
Backup : Marty Turco
Extra Forwards
Normal : Dustin Byfuglien, Andrew Ladd, Chuck Kobasew - PP : Dustin Byfuglien, Andrew Ladd - PK : Chuck Kobasew
Extra Defensemen
Normal : Brian Campbell, Shane O'Brien, Dave Tanabe - PP : Brian Campbell - PK : Shane O'Brien, Dave Tanabe
Penalty Shots
Dustin Byfuglien, Jason Pominville, Pierre-Marc Bouchard, Ryan Smyth, Mike Comrie
% Time on Ice - Jets
Lines # - Real PCT - Wanted PCT - Time Play
Normal Forward
1 - 31% - 40% - 12:06
2 - 25% - 30% - 9:54
3 - 27% - 20% - 10:27
4 - 17% - 10% - 6:30
Normal Defense
1 - 37% - 40% - 14:33
2 - 34% - 30% - 13:14
3 - 24% - 20% - 9:14
4 - 5% - 10% - 1:56
PP Forward
1 - 62% - 60% - 6:07
2 - 38% - 40% - 3:48
PP Defense
1 - 66% - 60% - 6:32
2 - 34% - 40% - 3:23
PK Forward
1 - 80% - 60% - 8:15
2 - 20% - 40% - 2:04
PK Defense
1 - 58% - 60% - 5:56
2 - 42% - 40% - 4:23
PK3 Forward
1 - 100% - 60% - 0:49
2 - 0% - 40% - 0:00
PK3 Defense
1 - 100% - 60% - 0:49
2 - 0% - 40% - 0:00
44 Forward
1 - 77% - 60% - 3:52
2 - 23% - 40% - 1:08
44 Defense
1 - 53% - 60% - 2:40
2 - 47% - 40% - 2:20
Last Minute Offensive - 0:00
Last Minute Defensive - 0:00
Total
Forward - 65:00
Defense - 65:00
|
% Time on Ice - Avalanche
Lines # - Real PCT - Wanted PCT - Time Play
Normal Forward
1 - 33% - 35% - 12:42
2 - 29% - 35% - 11:29
3 - 19% - 15% - 7:28
4 - 19% - 15% - 7:18
Normal Defense
1 - 43% - 40% - 16:44
2 - 29% - 30% - 11:12
3 - 28% - 30% - 11:01
4 - 0% - 0% - 0:00
PP Forward
1 - 63% - 60% - 6:58
2 - 37% - 40% - 4:10
PP Defense
1 - 60% - 60% - 6:38
2 - 40% - 40% - 4:30
PK Forward
1 - 81% - 60% - 8:04
2 - 19% - 40% - 1:51
PK Defense
1 - 51% - 60% - 5:02
2 - 49% - 40% - 4:53
PK3 Forward
1 - 0% - 60%
2 - 0% - 40%
PK3 Defense
1 - 0% - 60%
2 - 0% - 40%
44 Forward
1 - 78% - 60% - 3:53
2 - 22% - 40% - 1:07
44 Defense
1 - 54% - 60% - 2:41
2 - 46% - 40% - 2:19
Last Minute Offensive - 0:00
Last Minute Defensive - 0:00
Total
Forward - 65:00
Defense - 65:00
|
Play by Play
1st period
0:01 of 1st period - Derek Roy wins face-off versus Jason Pominville in neutral zone.
0:33 of 1st period - Marc Staal is hit by Ryan Callahan and loses puck.
0:43 of 1st period - Icing by Jussi Jokinen.
0:44 of 1st period - Mikko Koivu wins face-off versus Mike Comrie in Jets zone.
1:49 of 1st period - Snap shot by Jussi Jokinen.
1:49 of 1st period - Shot Misses the Net.
1:51 of 1st period - Slapshot by Dmitri Kalinin.
1:51 of 1st period - Deflect By Jussi Jokinen.
1:51 of 1st period - Stopped by Jimmy Howard without a rebound.
1:52 of 1st period - Pierre-Marc Bouchard wins face-off versus Mikko Koivu in Avalanche zone.
2:11 of 1st period - Wrist shot by Pierre-Marc Bouchard.
2:11 of 1st period - Shot Blocked by Chris Phillips.
2:23 of 1st period - Wrist shot by Pierre-Marc Bouchard.
2:23 of 1st period - Stopped by Maxime Daigneault with a rebound.
2:25 of 1st period - Slapshot by Drew Doughty.
2:25 of 1st period - Stopped by Maxime Daigneault with a rebound.
2:27 of 1st period - Slapshot by Brian Campbell.
2:27 of 1st period - Stopped by Maxime Daigneault with a rebound.
2:29 of 1st period - Wrist shot by Max Pacioretty.
2:29 of 1st period - Shot Misses the Net.
2:31 of 1st period - Snap shot by Michael Rupp.
2:31 of 1st period - Shot Misses the Net.
2:33 of 1st period - Slapshot by Brian Campbell.
2:33 of 1st period - Stopped by Maxime Daigneault with a rebound.
2:46 of 1st period - Minor Penalty to Adam Pardy for Tripping.
2:47 of 1st period - Darroll Powe wins face-off versus Jason Allison in Jets zone.
4:46 of 1st period - Penalty to Adam Pardy is over, Adam Pardy is back on ice.
4:49 of 1st period - Benoit Pouliot is hit by Andrew Ladd and loses puck.
5:16 of 1st period - Snap shot by Darroll Powe.
5:16 of 1st period - Shot Misses the Net.
5:18 of 1st period - Slapshot by Marek Zidlicky.
5:18 of 1st period - Deflect By Mikko Koivu.
5:18 of 1st period - Stopped by Jimmy Howard with a rebound.
5:38 of 1st period - Chuck Kobasew is hit by Derek Roy and loses puck.
5:49 of 1st period - Vaclav Varada is hit by Jason Pominville and loses puck.
6:02 of 1st period - Snap shot by Greg Campbell.
6:02 of 1st period - Stopped by Jimmy Howard with a rebound.
6:04 of 1st period - Backhand shot by Greg Campbell.
6:04 of 1st period - Deflect By Fredrik Sjostrom.
6:04 of 1st period - Shot Misses the Net.
6:04 of 1st period - Puck is out of play.
6:05 of 1st period - Fredrik Sjostrom wins face-off versus Mike Comrie in Avalanche zone.
6:52 of 1st period - Wrist shot by Bryan Little.
6:52 of 1st period - Stopped by Maxime Daigneault without a rebound.
6:53 of 1st period - Mikko Koivu wins face-off versus Bryan Little in Jets zone.
7:02 of 1st period - Wrist shot by Mikko Koivu.
7:02 of 1st period - Deflect By Jussi Jokinen.
7:02 of 1st period - Stopped by Jimmy Howard with a rebound.
7:22 of 1st period - Backhand shot by Jason Pominville.
7:22 of 1st period - Stopped by Maxime Daigneault without a rebound.
7:23 of 1st period - Jason Allison wins face-off versus Derek Roy in Jets zone.
7:26 of 1st period - Wrist shot by Ryan Smyth.
7:26 of 1st period - Shot Misses the Net.
7:28 of 1st period - Minor Penalty to Derek Roy for Tripping.
7:29 of 1st period - Jason Pominville wins face-off versus Darroll Powe in Jets zone.
7:34 of 1st period - Snap shot by Jason Pominville.
7:34 of 1st period - Goal by Jason Pominville - Jets : 0 - Avalanche : 1.
7:35 of 1st period - Derek Roy wins face-off versus Jason Allison in neutral zone.
7:41 of 1st period - Icing by Ryan Smyth.
7:42 of 1st period - Jason Allison wins face-off versus Derek Roy in Avalanche zone.
8:08 of 1st period - Wrist shot by Pierre-Marc Bouchard.
8:08 of 1st period - Deflect By Greg Campbell.
8:08 of 1st period - Shot Blocked by Dmitri Kalinin.
8:08 of 1st period - Puck is out of play.
8:09 of 1st period - Michael Rupp wins face-off versus Fredrik Sjostrom in Jets zone.
8:18 of 1st period - Greg Campbell is hit by Pierre-Marc Bouchard and loses puck.
10:18 of 1st period - Derek Roy is hit by Mike Comrie and loses puck.
10:26 of 1st period - Off-side.
10:27 of 1st period - Pierre-Marc Bouchard wins face-off versus Mikko Koivu in neutral zone.
10:32 of 1st period - Wrist shot by Pierre-Marc Bouchard.
10:32 of 1st period - Stopped by Maxime Daigneault with a rebound.
11:20 of 1st period - Wrist shot by Bryan Little.
11:20 of 1st period - Shot Misses the Net.
11:30 of 1st period - Vaclav Varada is hit by Andrew Ladd and loses puck.
12:20 of 1st period - Wrist shot by Fredrik Sjostrom.
12:20 of 1st period - Goal by Fredrik Sjostrom - Jets : 1 - Avalanche : 1.
12:21 of 1st period - Jason Allison wins face-off versus Derek Roy in neutral zone.
12:46 of 1st period - Pierre-Marc Bouchard is hit by Mikko Koivu and loses puck.
13:36 of 1st period - Dave Tanabe is hit by Darroll Powe and loses puck.
14:21 of 1st period - Slapshot by Bryan Little.
14:21 of 1st period - Stopped by Maxime Daigneault without a rebound.
14:22 of 1st period - Derek Roy wins face-off versus Jason Allison in Jets zone.
14:35 of 1st period - Snap shot by Benoit Pouliot.
14:35 of 1st period - Stopped by Jimmy Howard without a rebound.
14:36 of 1st period - Pierre-Marc Bouchard wins face-off versus Derek Roy in Avalanche zone.
14:45 of 1st period - Snap shot by Michael Rupp.
14:45 of 1st period - Stopped by Maxime Daigneault with a rebound.
14:48 of 1st period - Icing by Marek Zidlicky.
14:49 of 1st period - Derek Roy wins face-off versus Jason Allison in Jets zone.
14:59 of 1st period - Off-side.
15:00 of 1st period - Michael Rupp wins face-off versus Derek Roy in neutral zone.
16:13 of 1st period - Slapshot by Drew Doughty.
16:13 of 1st period - Shot Blocked by Darroll Powe.
16:53 of 1st period - Snap shot by Jason Allison.
16:53 of 1st period - Stopped by Maxime Daigneault without a rebound.
16:54 of 1st period - Jason Allison wins face-off versus Mikko Koivu in Jets zone.
17:01 of 1st period - Wrist shot by Jason Allison.
17:01 of 1st period - Goal by Jason Allison - Jets : 1 - Avalanche : 2.
17:02 of 1st period - Max Pacioretty wins face-off versus Derek Roy in neutral zone.
17:04 of 1st period - Off-side.
17:05 of 1st period - Derek Roy wins face-off versus Pierre-Marc Bouchard in neutral zone.
17:54 of 1st period - Snap shot by Dustin Byfuglien.
17:54 of 1st period - Shot Misses the Net.
17:56 of 1st period - Snap shot by Marc Staal.
17:56 of 1st period - Shot Misses the Net.
18:00 of 1st period - Snap shot by Dustin Byfuglien.
18:00 of 1st period - Shot Blocked by Adam Pardy.
18:02 of 1st period - Backhand shot by Dustin Byfuglien.
18:02 of 1st period - Deflect By Adam Pardy.
18:02 of 1st period - Shot Misses the Net.
18:02 of 1st period - Puck is out of play.
18:03 of 1st period - Max Pacioretty wins face-off versus Derek Roy in Jets zone.
18:14 of 1st period - Backhand shot by Pierre-Marc Bouchard.
18:14 of 1st period - Stopped by Maxime Daigneault without a rebound.
18:15 of 1st period - Dustin Brown wins face-off versus Jason Allison in Jets zone.
18:44 of 1st period - Chris Phillips is hit by Shane O'Brien and loses puck.
19:20 of 1st period - Minor Penalty to Chris Phillips for Roughing.
19:21 of 1st period - Darroll Powe wins face-off versus Jason Allison in Jets zone.
19:53 of 1st period - Snap shot by Mikko Koivu.
19:53 of 1st period - Stopped by Jimmy Howard with a rebound.
Goals for this period are 1 for Jets vs 2 for Avalanche.
Shots for this period are 7 for Jets vs 13 for Avalanche.
2nd period
0:01 of 2nd period - Darroll Powe wins face-off versus Jason Allison in neutral zone.
0:16 of 2nd period - Wrist shot by Drew Doughty.
0:16 of 2nd period - Shot Blocked by Dmitri Kalinin.
1:20 of 2nd period - Penalty to Chris Phillips is over, Chris Phillips is back on ice.
1:22 of 2nd period - Icing by Dmitri Kalinin.
1:23 of 2nd period - Fredrik Sjostrom wins face-off versus Ryan Smyth in Jets zone.
1:27 of 2nd period - Benoit Pouliot is hit by Andrew Ladd.
1:35 of 2nd period - Slapshot by Jussi Jokinen.
1:35 of 2nd period - Stopped by Jimmy Howard without a rebound.
1:36 of 2nd period - Derek Roy wins face-off versus Mike Comrie in Avalanche zone.
1:43 of 2nd period - Snap shot by Derek Roy.
1:43 of 2nd period - Stopped by Jimmy Howard with a rebound.
1:45 of 2nd period - Snap shot by Niklas Hjalmarsson.
1:45 of 2nd period - Goal by Niklas Hjalmarsson - Jets : 2 - Avalanche : 2.
1:46 of 2nd period - Derek Roy wins face-off versus Jason Allison in neutral zone.
1:55 of 2nd period - Wrist shot by Dustin Brown.
1:55 of 2nd period - Stopped by Jimmy Howard with a rebound.
1:57 of 2nd period - Wrist shot by Dustin Brown.
1:57 of 2nd period - Shot Misses the Net.
1:59 of 2nd period - Wrist shot by Derek Roy.
1:59 of 2nd period - Shot Misses the Net.
2:07 of 2nd period - Minor Penalty to Jason Allison for Interference.
2:08 of 2nd period - Mike Comrie wins face-off versus Mikko Koivu in Avalanche zone.
3:50 of 2nd period - Ryan Callahan is hit by Chuck Kobasew and loses puck.
3:57 of 2nd period - Marc Staal is hit by Derek Roy and loses puck.
4:07 of 2nd period - Penalty to Jason Allison is over, Jason Allison is back on ice.
4:26 of 2nd period - Snap shot by Ryan Smyth.
4:26 of 2nd period - Stopped by Maxime Daigneault with a rebound.
4:28 of 2nd period - Slapshot by Marc Staal.
4:28 of 2nd period - Shot Blocked by Adam Pardy.
4:30 of 2nd period - Snap shot by Jason Pominville.
4:30 of 2nd period - Shot Misses the Net.
4:32 of 2nd period - Slapshot by Jack Johnson.
4:32 of 2nd period - Shot Blocked by Adam Pardy.
5:15 of 2nd period - Minor Penalty to Shane O'Brien for Cross-checking.
5:16 of 2nd period - Mikko Koivu wins face-off versus Mike Comrie in Avalanche zone.
5:16 of 2nd period - Backhand shot by Benoit Pouliot.
5:16 of 2nd period - Shot Misses the Net.
5:18 of 2nd period - Snap shot by Benoit Pouliot.
5:18 of 2nd period - Shot Misses the Net.
5:20 of 2nd period - Wrist shot by Dustin Brown.
5:20 of 2nd period - Deflect By Benoit Pouliot.
5:20 of 2nd period - Stopped by Jimmy Howard with a rebound.
5:22 of 2nd period - Wrist shot by Benoit Pouliot.
5:22 of 2nd period - Stopped by Jimmy Howard with a rebound.
7:15 of 2nd period - Penalty to Shane O'Brien is over, Shane O'Brien is back on ice.
7:35 of 2nd period - Chuck Kobasew is hit by Greg Campbell and loses puck.
8:11 of 2nd period - Adam Pardy is hit by Andrew Ladd and loses puck.
8:22 of 2nd period - Rostislav Olesz is hit by Derek Roy and loses puck.
8:39 of 2nd period - Brian Campbell is hit by Marek Zidlicky and loses puck.
9:02 of 2nd period - Tom Preissing is hit by Jason Allison and loses puck.
9:22 of 2nd period - Minor Penalty to Andrew Ladd for Holding Stick.
9:23 of 2nd period - Mike Comrie wins face-off versus Mikko Koivu in Avalanche zone.
9:31 of 2nd period - Off-side.
9:32 of 2nd period - Mikko Koivu wins face-off versus Mike Comrie in neutral zone.
9:39 of 2nd period - Slapshot by Benoit Pouliot.
9:39 of 2nd period - Shot Misses the Net.
10:13 of 2nd period - Wrist shot by Mikko Koivu.
10:13 of 2nd period - Shot Blocked by Jack Johnson.
10:59 of 2nd period - Dave Tanabe is hit by Chris Phillips and loses puck.
11:22 of 2nd period - Penalty to Andrew Ladd is over, Andrew Ladd is back on ice.
11:44 of 2nd period - Slapshot by Benoit Pouliot.
11:44 of 2nd period - Stopped by Jimmy Howard with a rebound.
11:46 of 2nd period - Slapshot by Dmitri Kalinin.
11:46 of 2nd period - Deflect By Mike Comrie.
11:46 of 2nd period - Goal by Dmitri Kalinin - Jets : 3 - Avalanche : 2.
11:47 of 2nd period - Greg Campbell wins face-off versus Jason Allison in neutral zone.
11:59 of 2nd period - Snap shot by Ryan Smyth.
11:59 of 2nd period - Shot Misses the Net.
12:01 of 2nd period - Slapshot by Brian Campbell.
12:01 of 2nd period - Stopped by Maxime Daigneault without a rebound.
12:02 of 2nd period - Pierre-Marc Bouchard wins face-off versus Darroll Powe in Jets zone.
12:57 of 2nd period - Icing by Curtis Glencross.
12:58 of 2nd period - Darroll Powe wins face-off versus Pierre-Marc Bouchard in Jets zone.
13:21 of 2nd period - Snap shot by Jason Allison.
13:21 of 2nd period - Stopped by Maxime Daigneault with a rebound.
13:35 of 2nd period - Backhand shot by Dave Tanabe.
13:35 of 2nd period - Stopped by Maxime Daigneault without a rebound.
13:36 of 2nd period - Pierre-Marc Bouchard wins face-off versus Darroll Powe in Jets zone.
13:45 of 2nd period - Slapshot by Jussi Jokinen.
13:45 of 2nd period - Goal by Jussi Jokinen - Jets : 4 - Avalanche : 2.
13:45 of 2nd period - Marty Turco enters game.
13:46 of 2nd period - Derek Roy wins face-off versus Pierre-Marc Bouchard in neutral zone.
13:51 of 2nd period - Wrist shot by Dustin Brown.
13:51 of 2nd period - Stopped by Marty Turco without a rebound.
13:52 of 2nd period - Max Pacioretty wins face-off versus Derek Roy in Avalanche zone.
13:52 of 2nd period - Max Pacioretty is hit by Derek Roy.
14:24 of 2nd period - Icing by Jack Johnson.
14:25 of 2nd period - Jason Allison wins face-off versus Mikko Koivu in Avalanche zone.
14:38 of 2nd period - Wrist shot by Jussi Jokinen.
14:38 of 2nd period - Shot Blocked by Jack Johnson.
14:40 of 2nd period - Snap shot by Jussi Jokinen.
14:40 of 2nd period - Shot Misses the Net.
14:56 of 2nd period - Snap shot by Max Pacioretty.
14:56 of 2nd period - Shot Misses the Net.
15:10 of 2nd period - Minor Penalty to Dustin Brown for Roughing.
15:11 of 2nd period - Darroll Powe wins face-off versus Jason Allison in Jets zone.
15:21 of 2nd period - Snap shot by Jason Pominville.
15:21 of 2nd period - Shot Misses the Net.
15:23 of 2nd period - Wrist shot by Jason Allison.
15:23 of 2nd period - Stopped by Maxime Daigneault with a rebound.
15:25 of 2nd period - Slapshot by Drew Doughty.
15:25 of 2nd period - Shot Misses the Net.
17:10 of 2nd period - Penalty to Dustin Brown is over, Dustin Brown is back on ice.
17:25 of 2nd period - Dustin Byfuglien is hit by Mikko Koivu and loses puck.
18:35 of 2nd period - Minor Penalty to Derek Roy for Hooking.
18:36 of 2nd period - Jason Allison wins face-off versus Darroll Powe in Jets zone.
18:49 of 2nd period - Slapshot by Drew Doughty.
18:49 of 2nd period - Shot Blocked by Dustin Brown.
18:51 of 2nd period - Slapshot by Brian Campbell.
18:51 of 2nd period - Shot Misses the Net.
19:06 of 2nd period - Greg Campbell is hit by Pierre-Marc Bouchard and loses puck.
19:26 of 2nd period - Icing by Dave Tanabe.
19:27 of 2nd period - Jason Allison wins face-off versus Darroll Powe in Avalanche zone.
19:45 of 2nd period - Minor Penalty to Greg Campbell for High sticking.
19:46 of 2nd period - Jason Allison wins face-off versus Darroll Powe in Jets zone.
19:51 of 2nd period - Slapshot by Drew Doughty.
19:51 of 2nd period - Stopped by Maxime Daigneault without a rebound.
19:52 of 2nd period - Jason Allison wins face-off versus Darroll Powe in Jets zone.
19:55 of 2nd period - Snap shot by Drew Doughty.
19:55 of 2nd period - Stopped by Maxime Daigneault without a rebound.
19:56 of 2nd period - Jason Allison wins face-off versus Darroll Powe in Jets zone.
Goals for this period are 3 for Jets vs 0 for Avalanche.
Shots for this period are 10 for Jets vs 7 for Avalanche.
3rd period
0:01 of 3rd period - Jason Allison wins face-off versus Darroll Powe in neutral zone.
0:04 of 3rd period - Adam Pardy is hit by Ryan Smyth and loses puck.
0:11 of 3rd period - Backhand shot by Ryan Smyth.
0:11 of 3rd period - Shot Misses the Net.
0:13 of 3rd period - Slapshot by Brian Campbell.
0:13 of 3rd period - Stopped by Maxime Daigneault without a rebound.
0:14 of 3rd period - Jason Pominville wins face-off versus Darroll Powe in Jets zone.
0:27 of 3rd period - Slapshot by Jason Pominville.
0:27 of 3rd period - Shot Blocked by Tom Preissing.
0:35 of 3rd period - Penalty to Derek Roy is over, Derek Roy is back on ice.
1:03 of 3rd period - Icing by Jack Johnson.
1:04 of 3rd period - Jason Allison wins face-off versus Fredrik Sjostrom in Avalanche zone.
1:37 of 3rd period - Wrist shot by Jason Allison.
1:37 of 3rd period - Stopped by Maxime Daigneault with a rebound.
1:39 of 3rd period - Slapshot by Dave Tanabe.
1:39 of 3rd period - Shot Blocked by Dustin Brown.
1:41 of 3rd period - Wrist shot by Jason Allison.
1:41 of 3rd period - Goal by Jason Allison - Jets : 4 - Avalanche : 3.
1:42 of 3rd period - Pierre-Marc Bouchard wins face-off versus Mikko Koivu in neutral zone.
1:45 of 3rd period - Slapshot by Jack Johnson.
1:45 of 3rd period - Deflect By Jussi Jokinen.
1:45 of 3rd period - Stopped by Maxime Daigneault without a rebound.
1:46 of 3rd period - Pierre-Marc Bouchard wins face-off versus Mikko Koivu in Jets zone.
3:14 of 3rd period - Adam Pardy is hit by Max Pacioretty and loses puck.
3:38 of 3rd period - Slapshot by Jason Pominville.
3:38 of 3rd period - Shot Blocked by Tom Preissing.
3:57 of 3rd period - Tom Preissing is hit by Shane O'Brien and loses puck.
4:04 of 3rd period - Wrist shot by Vaclav Varada.
4:04 of 3rd period - Stopped by Marty Turco with a rebound.
4:20 of 3rd period - Slapshot by Max Pacioretty.
4:20 of 3rd period - Stopped by Maxime Daigneault with a rebound.
4:26 of 3rd period - Wrist shot by Max Pacioretty.
4:26 of 3rd period - Shot Misses the Net.
4:46 of 3rd period - Slapshot by Mike Comrie.
4:46 of 3rd period - Shot Misses the Net.
5:05 of 3rd period - Snap shot by Jussi Jokinen.
5:05 of 3rd period - Shot Misses the Net.
5:07 of 3rd period - Slapshot by Marek Zidlicky.
5:07 of 3rd period - Stopped by Marty Turco with a rebound.
5:09 of 3rd period - Slapshot by Marek Zidlicky.
5:09 of 3rd period - Stopped by Marty Turco without a rebound.
5:10 of 3rd period - Pierre-Marc Bouchard wins face-off versus Derek Roy in Avalanche zone.
5:10 of 3rd period - Pierre-Marc Bouchard is hit by Dustin Brown.
5:36 of 3rd period - Jack Johnson is hit by Fredrik Sjostrom and loses puck.
5:45 of 3rd period - Wrist shot by Eric Fehr.
5:45 of 3rd period - Stopped by Marty Turco with a rebound.
5:47 of 3rd period - Wrist shot by Eric Fehr.
5:47 of 3rd period - Stopped by Marty Turco with a rebound.
5:53 of 3rd period - Minor Penalty to Jason Allison for Hooking.
5:54 of 3rd period - Dustin Brown wins face-off versus Mike Comrie in Avalanche zone.
5:57 of 3rd period - Slapshot by Benoit Pouliot.
5:57 of 3rd period - Shot Misses the Net.
5:59 of 3rd period - Wrist shot by Chris Phillips.
5:59 of 3rd period - Shot Blocked by Mike Comrie.
6:27 of 3rd period - Slapshot by Dmitri Kalinin.
6:27 of 3rd period - Stopped by Marty Turco with a rebound.
6:51 of 3rd period - Slapshot by Chuck Kobasew.
6:51 of 3rd period - Shot Misses the Net.
7:53 of 3rd period - Penalty to Jason Allison is over, Jason Allison is back on ice.
8:06 of 3rd period - Slapshot by Jason Allison.
8:06 of 3rd period - Stopped by Maxime Daigneault without a rebound.
8:07 of 3rd period - Jason Allison wins face-off versus Greg Campbell in Jets zone.
8:44 of 3rd period - Icing by Drew Doughty.
8:45 of 3rd period - Derek Roy wins face-off versus Jason Allison in Avalanche zone.
8:47 of 3rd period - Minor Penalty to Dustin Brown for Hooking.
8:48 of 3rd period - Jason Allison wins face-off versus Fredrik Sjostrom in Jets zone.
8:56 of 3rd period - Wrist shot by Jason Allison.
8:56 of 3rd period - Stopped by Maxime Daigneault without a rebound.
8:57 of 3rd period - Darroll Powe wins face-off versus Jason Allison in Jets zone.
9:24 of 3rd period - Slapshot by Drew Doughty.
9:24 of 3rd period - Deflect By Jason Allison.
9:24 of 3rd period - Stopped by Maxime Daigneault without a rebound.
9:25 of 3rd period - Darroll Powe wins face-off versus Pierre-Marc Bouchard in Jets zone.
9:25 of 3rd period - Darroll Powe is hit by Pierre-Marc Bouchard.
9:35 of 3rd period - Slapshot by Bryan Little.
9:35 of 3rd period - Shot Blocked by Marek Zidlicky.
9:51 of 3rd period - Greg Campbell is hit by Jason Allison and loses puck.
10:47 of 3rd period - Penalty to Dustin Brown is over, Dustin Brown is back on ice.
11:14 of 3rd period - Michael Rupp is hit by Greg Campbell and loses puck.
11:45 of 3rd period - Snap shot by Chuck Kobasew.
11:45 of 3rd period - Shot Blocked by Marek Zidlicky.
12:02 of 3rd period - Minor Penalty to Andrew Ladd for Hooking.
12:03 of 3rd period - Mikko Koivu wins face-off versus Mike Comrie in Avalanche zone.
12:15 of 3rd period - Mike Comrie is hit by Chris Phillips and loses puck.
12:39 of 3rd period - Mike Comrie is hit by Adam Pardy.
12:49 of 3rd period - Shane O'Brien is hit by Ryan Callahan and loses puck.
14:02 of 3rd period - Penalty to Andrew Ladd is over, Andrew Ladd is back on ice.
14:06 of 3rd period - Wrist shot by Greg Campbell.
14:06 of 3rd period - Shot Misses the Net.
14:08 of 3rd period - Snap shot by Eric Fehr.
14:08 of 3rd period - Stopped by Marty Turco with a rebound.
14:10 of 3rd period - Slapshot by Tom Preissing.
14:10 of 3rd period - Deflect By Max Pacioretty.
14:10 of 3rd period - Stopped by Marty Turco with a rebound.
14:37 of 3rd period - Off-side.
14:38 of 3rd period - Greg Campbell wins face-off versus Mike Comrie in neutral zone.
14:49 of 3rd period - Slapshot by Drew Doughty.
14:49 of 3rd period - Shot Blocked by Chris Phillips.
14:55 of 3rd period - Adam Pardy is hit by Mike Comrie and loses puck.
15:40 of 3rd period - Slapshot by Jack Johnson.
15:40 of 3rd period - Stopped by Maxime Daigneault without a rebound.
15:41 of 3rd period - Jason Pominville wins face-off versus Greg Campbell in Jets zone.
16:34 of 3rd period - Dmitri Kalinin is hit by Andrew Ladd and loses puck.
17:09 of 3rd period - Wrist shot by Greg Campbell.
17:09 of 3rd period - Deflect By Eric Fehr.
17:09 of 3rd period - Stopped by Marty Turco without a rebound.
17:10 of 3rd period - Bryan Little wins face-off versus Greg Campbell in Avalanche zone.
17:25 of 3rd period - Slapshot by Rostislav Olesz.
17:25 of 3rd period - Deflect By Chuck Kobasew.
17:25 of 3rd period - Goal by Chuck Kobasew - Jets : 4 - Avalanche : 4.
17:26 of 3rd period - Greg Campbell wins face-off versus Bryan Little in neutral zone.
17:53 of 3rd period - Jack Johnson is hit by Chris Phillips and loses puck.
18:18 of 3rd period - Slapshot by Vaclav Varada.
18:18 of 3rd period - Shot Misses the Net.
18:57 of 3rd period - Wrist shot by Pierre-Marc Bouchard.
18:57 of 3rd period - Stopped by Maxime Daigneault without a rebound.
18:58 of 3rd period - Chuck Kobasew wins face-off versus Greg Campbell in Jets zone.
18:59 of 3rd period - Snap shot by Rostislav Olesz.
18:59 of 3rd period - Stopped by Maxime Daigneault with a rebound.
19:14 of 3rd period - Snap shot by Fredrik Sjostrom.
19:14 of 3rd period - Stopped by Marty Turco with a rebound.
Goals for this period are 0 for Jets vs 2 for Avalanche.
Shots for this period are 10 for Jets vs 12 for Avalanche.
Overtime #1
0:01 of 1st overtime period - Jason Allison wins face-off versus Mikko Koivu in neutral zone.
0:04 of 1st overtime period - Slapshot by Jason Pominville.
0:04 of 1st overtime period - Shot Hit the Post.
0:06 of 1st overtime period - Wrist shot by Jason Pominville.
0:06 of 1st overtime period - Shot Blocked by Chris Phillips.
0:12 of 1st overtime period - Snap shot by Jason Allison.
0:12 of 1st overtime period - Shot Misses the Net.
1:50 of 1st overtime period - Chuck Kobasew is hit by Dustin Brown and loses puck.
2:04 of 1st overtime period - Icing by Derek Roy.
2:05 of 1st overtime period - Derek Roy wins face-off versus Jason Allison in Jets zone.
2:20 of 1st overtime period - Snap shot by Fredrik Sjostrom.
2:20 of 1st overtime period - Stopped by Marty Turco with a rebound.
2:52 of 1st overtime period - Snap shot by Dustin Byfuglien.
2:52 of 1st overtime period - Stopped by Maxime Daigneault without a rebound.
2:53 of 1st overtime period - Dustin Byfuglien wins face-off versus Mikko Koivu in Jets zone.
2:56 of 1st overtime period - Slapshot by Dustin Byfuglien.
2:56 of 1st overtime period - Stopped by Maxime Daigneault without a rebound.
2:57 of 1st overtime period - Jason Pominville wins face-off versus Mikko Koivu in Jets zone.
3:02 of 1st overtime period - Slapshot by Jason Pominville.
3:02 of 1st overtime period - Stopped by Maxime Daigneault with a rebound.
3:04 of 1st overtime period - Slapshot by Brian Campbell.
3:04 of 1st overtime period - Shot Misses the Net.
3:06 of 1st overtime period - Slapshot by Brian Campbell.
3:06 of 1st overtime period - Stopped by Maxime Daigneault with a rebound.
3:08 of 1st overtime period - Slapshot by Dave Tanabe.
3:08 of 1st overtime period - Deflect By Jason Pominville.
3:08 of 1st overtime period - Stopped by Maxime Daigneault with a rebound.
3:10 of 1st overtime period - Slapshot by Brian Campbell.
3:10 of 1st overtime period - Deflect By Benoit Pouliot.
3:10 of 1st overtime period - Stopped by Maxime Daigneault with a rebound.
4:04 of 1st overtime period - Slapshot by Fredrik Sjostrom.
4:04 of 1st overtime period - Stopped by Marty Turco without a rebound.
4:05 of 1st overtime period - Dustin Byfuglien wins face-off versus Greg Campbell in Avalanche zone.
4:46 of 1st overtime period - Icing by Benoit Pouliot.
4:47 of 1st overtime period - Mikko Koivu wins face-off versus Mike Comrie in Jets zone.
Goals for this period are 0 for Jets vs 0 for Avalanche.
Shots for this period are 2 for Jets vs 6 for Avalanche.
ShootOut
5:00 of 1st overtime period - Penalty Shot by Benoit Pouliot for Jets.
5:00 of 1st overtime period - Backhand shot by Benoit Pouliot.
5:00 of 1st overtime period - Stopped by Marty Turco.
5:00 of 1st overtime period - Penalty Shot by Dustin Byfuglien for Avalanche.
5:00 of 1st overtime period - Snap shot by Dustin Byfuglien.
5:00 of 1st overtime period - Shot Hit the Post.
5:00 of 1st overtime period - Penalty Shot by Jussi Jokinen for Jets.
5:00 of 1st overtime period - Snap shot by Jussi Jokinen.
5:00 of 1st overtime period - Goal by Jussi Jokinen.
5:00 of 1st overtime period - Penalty Shot by Jason Pominville for Avalanche.
5:00 of 1st overtime period - Backhand shot by Jason Pominville.
5:00 of 1st overtime period - Stopped by Maxime Daigneault.
5:00 of 1st overtime period - Penalty Shot by Mikko Koivu for Jets.
5:00 of 1st overtime period - Backhand shot by Mikko Koivu.
5:00 of 1st overtime period - Goal by Mikko Koivu.
Output by the SimonT Hockey Simulator (STHS) for François Prévost -- Original Page W3C XHTML 1.0 Valid